 Dungeon Crawl Stone Soup version 0.29.1-15-g9cfb28693d (webtiles) character file.

Game seed: 4106098027749777443

472 javelincjr the Caller (level 7, 0/51 HPs)
             Began as a Gnoll Summoner on Apr 17, 2023.
             Succumbed to a scorpion's poison
             ... on level 5 of the Dungeon.
             The game lasted 00:14:07 (4195 turns).

javelincjr the Caller (Gnoll Summoner)              Turns: 4195, Time: 00:14:08

Health: 0/51       AC:  5    Str:  9    XL:     7   Next: 9%
Magic:  14/15      EV: 17    Int: 15    God:
Gold:   198        SH:  0    Dex: 12    Spells: 13/17 levels left

rFire   . . .      SeeInvis .   B - +1 spear (vorpal)
rCold   . . .      Faith    .   (no shield)
rNeg    . . .      Spirit   .   a - +0 robe
rPois   .          Reflect  .   u - +0 helmet
rElec   .          Harm     .   s - +0 cloak
rCorr   .          Rampage  .   m - +0 pair of gloves
Will    .....                   (no boots)
Stlth   +++.......              (no amulet)
HPRegen 0.17/turn               y - +4 ring of evasion
MPRegen 0.14/turn               (no ring)

@: lethally poisoned (0 -> -1), on berserk cooldown, slowed, very slow
A: fangs 1, strong nose, distributed training
a: no special abilities


You were on level 5 of the Dungeon.
You visited 1 branch of the dungeon, and saw 5 of its levels.

You collected 198 gold pieces.

Inventory:

Hand Weapons
 g - a +0 spear
 t - a +2 short sword of draining
 x - a +2 vampiric hand axe
 B - a +1 vorpal spear (weapon)
Armour
 a - a +0 robe (worn)
 m - a +0 pair of gloves (worn)
 s - a +0 cloak (worn)
 u - a +0 helmet (worn)
Jewellery
 y - a +4 ring of evasion (left hand)
Scrolls
 d - a scroll of amnesia
 f - a scroll of vulnerability
 h - 2 scrolls of poison
 j - 2 scrolls of teleportation
 l - a scroll of magic mapping {unknown}
 q - a scroll of brand weapon {unknown}
 v - a scroll of immolation {unknown}
Potions
 b - 2 potions of magic
 e - a potion of invisibility
 i - 2 potions of curing
 k - a potion of might {unknown}
 n - a potion of berserk rage
 o - a potion of resistance {unknown}
 p - a potion of cancellation {unknown}
 r - 3 potions of flight {unknown}
 w - a potion of heal wounds {unknown}
 z - a potion of lignification {unknown}
 A - a potion of haste {unknown}


   Skills:
 + Level 2.3 Fighting
 + Level 2.3 Short Blades
 + Level 2.3 Long Blades
 + Level 2.3 Axes
 + Level 2.3 Maces & Flails
 + Level 2.3 Polearms
 + Level 2.3 Staves
 + Level 2.3 Ranged Weapons
 + Level 2.3 Throwing
 + Level 2.3 Armour
 + Level 5.2 Dodging
 + Level 4.8 Stealth
 + Level 2.3 Shields
 + Level 2.3 Unarmed Combat
 + Level 5.5 Spellcasting
 + Level 1.9 Conjurations
 + Level 1.9 Hexes
 + Level 7.4 Summonings
 + Level 1.9 Necromancy
 + Level 1.9 Translocations
 + Level 1.9 Transmutations
 + Level 1.9 Fire Magic
 + Level 1.9 Ice Magic
 + Level 1.9 Air Magic
 + Level 1.9 Earth Magic
 + Level 1.9 Poison Magic
 + Level 2.6 Invocations
 + Level 2.3 Evocations


You had 13 spell levels left.
You knew the following spells:

 Your Spells              Type           Power      Damage    Failure   Level
a - Summon Small Mammal   Summ           100%       N/A       1%          1
b - Call Canine Familiar  Summ           26%        N/A       2%          3

Your spell library contained the following spells:

 Spells                   Type           Power      Damage    Failure   Level
 Call Imp                 Summ           26%        N/A       1%          2
 Summon Guardian Golem    Hex/Summ       18%        N/A       7%          3
 Static Discharge         Conj/Air       9%         3-5/arc   11%         2
 Ignite Poison            Fire/Tmut/Pois 9%         N/A       22%         3
 Mephitic Cloud           Conj/Pois/Air  9%         N/A       22%         3
 Summon Lightning Spire   Summ/Air       18%        N/A       22%         4
 Cause Fear               Hex            4%         N/A       56%         4
 Freezing Cloud           Conj/Ice/Air   4%         6-21      89%         5
 Lightning Bolt           Conj/Air       4%         1d16      89%         5
 Dragon Form              Tmut           4%         N/A       100%        7
 Maxwell's Capacitive Co  Air            4%         ∞         100%        8
 Dragon's Call            Summ           13%        N/A       100%        9


Dungeon Overview and Level Annotations

Branches:
Dungeon (5/15)
 Temple: D:4-7

Altars:
Yredelemnul
Zin


Innate Abilities, Weirdness & Mutations

You have very sharp teeth.
Your uncanny sense of smell can sniff out nearby items.
Your experience applies equally to all skills.


Message History

* * * LOW HITPOINT WARNING * * *
You are lethally poisoned!
The scorpion poisons you!
Your hound bites the scorpion.
* * * LOW HITPOINT WARNING * * *
You feel very sick.
Your hound bites the scorpion.
The scorpion misses your hound.
Casting: Call Canine Familiar (dangerous; 2% risk of failure)
Confirm with . or Enter, or press ? or * to list all spells.
* * * LOW HITPOINT WARNING * * *
You feel very sick.
Your hound bites the scorpion but does no damage.
The scorpion completely misses your hound.
Your hound barely misses the scorpion.
A red film seems to cover your vision as you go berserk!
You feel yourself moving faster!
You feel mighty!
* * * LOW HITPOINT WARNING * * *
You feel very sick.
Your hound closely misses the scorpion.
The scorpion stings your hound.
Your rat bites the scorpion but does no damage.
You puncture the scorpion!
You kill the scorpion!
* * * LOW HITPOINT WARNING * * *
You feel sick.
You have reached level 7!
* * * LOW HITPOINT WARNING * * *
You feel sick.
You feel a strong urge to attack something.
* * * LOW HITPOINT WARNING * * *
You feel sick.
* * * LOW HITPOINT WARNING * * *
You feel sick.
You feel your anger nearly subside.
* * * LOW HITPOINT WARNING * * *
You feel sick.
You are no longer berserk.
You are exhausted.
You feel yourself slow down.
* * * LOW HITPOINT WARNING * * *
You feel sick.
You die...

.....#(............#
#................#
##.##.####...######
#...#....##.##
#.........# ##
#...#.......#..
#######(..###.#### #
##.......#..h#.#####
##.......###@r...[...
#.........#.#>#.#####
##.......#.##.# #
##.....##......#
##..........###
##.######### ###


You could see a friendly hound (summoned) and a friendly rat (summoned).

Vanquished Creatures
  A scorpion (D:5)
  2 iguanas
  3 adders
  A dart slug (D:3)
  2 orcs
  4 bats
  An endoplasm (D:3)
  A giant cockroach (D:1)
  8 goblins
  6 hobgoblins
  4 jackals
  A quokka (D:1)
  A ball python (D:3)
  A frilled lizard (D:1)
  4 kobolds
  3 rats
  A spectral orc (D:3)
44 creatures vanquished.

Vanquished Creatures (collateral kills)
  An ogre (D:4)
  A scorpion (D:4)
  A jelly (D:4)
  An orc priest (D:3)
  An orc wizard (D:3)
  Robin (D:3)
  An adder (D:4)
  A worm (D:4)
  2 dart slugs
  5 orcs (D:3)
  A giant cockroach (D:2)
  9 goblins
  3 hobgoblins
  4 jackals
  2 kobolds
  2 bats
  A frilled lizard (D:2)
  2 rats
39 creatures vanquished.

Grand Total: 83 creatures vanquished

Notes
Turn   | Place    | Note
-------+----------+-------------------------------------------
     0 | D:1      | javelincjr the Gnoll Summoner began the quest for the Orb.
     0 | D:1      | Reached XP level 1. HP: 13/13 MP: 6/6
   165 | D:1      | Reached XP level 2. HP: 19/19 MP: 5/7
  1149 | D:2      | Reached skill level 5 in Spellcasting
  1149 | D:2      | Reached XP level 3. HP: 25/25 MP: 5/9
  1306 | D:2      | Reached skill level 1 in Invocations
  1853 | D:2      | Reached skill level 1 in Fighting
  1853 | D:2      | Reached skill level 1 in Short Blades
  1853 | D:2      | Reached skill level 1 in Long Blades
  1853 | D:2      | Reached skill level 1 in Axes
  1853 | D:2      | Reached skill level 1 in Maces & Flails
  1853 | D:2      | Reached skill level 1 in Polearms
  1853 | D:2      | Reached skill level 1 in Staves
  1853 | D:2      | Reached skill level 1 in Ranged Weapons
  1853 | D:2      | Reached skill level 1 in Throwing
  1853 | D:2      | Reached skill level 1 in Armour
  1853 | D:2      | Reached skill level 1 in Shields
  1853 | D:2      | Reached skill level 1 in Unarmed Combat
  1853 | D:2      | Reached skill level 1 in Evocations
  2184 | D:3      | Noticed Robin
  2206 | D:3      | Learned a level 3 spell: Call Canine Familiar
  2223 | D:3      | Reached XP level 4. HP: 23/32 MP: 8/11
  2233 | D:3      | Reached skill level 1 in Conjurations
  2233 | D:3      | Reached skill level 1 in Hexes
  2233 | D:3      | Reached skill level 1 in Necromancy
  2233 | D:3      | Reached skill level 1 in Translocations
  2233 | D:3      | Reached skill level 1 in Transmutations
  2233 | D:3      | Reached skill level 1 in Fire Magic
  2233 | D:3      | Reached skill level 1 in Ice Magic
  2233 | D:3      | Reached skill level 1 in Air Magic
  2233 | D:3      | Reached skill level 1 in Earth Magic
  2233 | D:3      | Reached skill level 1 in Poison Magic
  2233 | D:3      | Killed Robin
  2596 | D:3      | Found a basalt altar of Yredelemnul.
  2648 | D:3      | Found a glowing silver altar of Zin.
  2651 | D:3      | Reached XP level 5. HP: 37/37 MP: 12/12
  3462 | D:4      | Reached XP level 6. HP: 44/44 MP: 10/13
  3504 | D:4      | Reached skill level 5 in Dodging
  4118 | D:5      | Entered Level 5 of the Dungeon
  4189 | D:5      | Reached XP level 7. HP: 8/51 MP: 13/15
  4194 | D:5      | HP: 1/51 [poisoned by a scorpion]
  4195 | D:5      | Succumbed to a scorpion's poison

Illustrated notes

Levels and vault maps discovered:
D:1:      wander_arrival_chamber, layout_basic
D:2:      layout_basic, minmay_tiny_reverse_x
D:3:      layout_basic, mainiacjoe_overflow_cross_hatched,
          yredelemnul_forgotten_temple_becter, minmay_cut_off, uniq_robin
D:4:      nicolae_cairo_tiling, layout_rooms
D:5:      layout_loops_cross

Skill      XL: |  1  2  3  4  5  6 |
---------------+-------------------+-----
Spellcasting   | 5 |  5.5
Invocations    | 1 2 |  2.6
Fighting       | 1 2 |  2.3
Short Blades   | 1 2 |  2.3
Long Blades    | 1 2 |  2.3
Axes           | 1 2 |  2.3
Maces & Flails | 1 2 |  2.3
Polearms       | 1 2 |  2.3
Staves         | 1 2 |  2.3
Ranged Weapons | 1 2 |  2.3
Throwing       | 1 2 |  2.3
Armour         | 1 2 |  2.3
Shields        | 1 2 |  2.3
Unarmed Combat | 1 2 |  2.3
Evocations     | 1 2 |  2.3
Conjurations   | 1 |  1.9
Hexes          | 1 |  1.9
Necromancy     | 1 |  1.9
Translocations | 1 |  1.9
Transmutations | 1 |  1.9
Fire Magic     | 1 |  1.9
Ice Magic      | 1 |  1.9
Air Magic      | 1 |  1.9
Earth Magic    | 1 |  1.9
Poison Magic   | 1 |  1.9
Dodging        | 5 |  5.2
Stealth        | |  4.8
Summonings     | |  7.4

Action                   |  1- 3 |  4- 6 |  7- 9 || total
-------------------------+-------+-------+-------++-------
Melee: Spear             |    78 |    30 |       ||   108
       Bite              |     4 |     4 |       ||     8
       Punch             |     1 |     1 |       ||     2
       Short sword       |       |    47 |       ||    47
       Hand axe          |       |     8 |       ||     8
 Cast: Summon Small Mamm |    37 |     9 |       ||    46
       Call Canine Famil |     1 |    14 |       ||    15
  Use: Scroll            |       |     7 |       ||     7
       Potion            |       |     1 |       ||     1
 Stab: Sleeping          |     6 |     4 |       ||    10
       Distracted        |     2 |       |       ||     2
Armor: Robe              |    15 |    21 |       ||    36
Dodge: Dodged            |    41 |    47 |       ||    88
